 Dungeon Crawl Stone Soup version 0.28.0-53-g5a82cb258f (webtiles) character file.

Game seed: 6950755778831690457

6118 MiltankisOP the Carver (level 11, -5/81 HPs)
             Began as a Formicid Fighter on July 12, 2022.
             Was an Elder of Uskayaw.
             Killed from afar by an acid dragon (21 damage)
             ... with a splash of acid
             ... on level 10 of the Dungeon.
             The game lasted 00:26:28 (12175 turns).

MiltankisOP the Carver (Formicid Fighter)          Turns: 12175, Time: 00:26:29

Health: -5/81      AC:  7    Str: 30    XL:     11   Next: 12%
Magic:  11/11      EV:  9    Int:  9    God:    Uskayaw [****..]
Gold:   301        SH:  9    Dex: 10    Spells: 10/10 levels left

rFire   . . .      SeeInvis +   C - +3 scimitar (vorpal)
rCold   . . .      Faith    .   l - +0 kite shield
rNeg    . . .      Spirit   .   b - +0 scale mail
rPois   .          Reflect  .   (helmet unavailable)
rElec   .          Harm     .   (no cloak)
rCorr   .          Rampage  .   (no gloves)
Will    ++...                   (no boots)
Stlth   ..........              (no amulet)
HPRegen 0.23/turn               j - ring of willpower
MPRegen 0.12/turn               v - +6 ring of strength

@: no status effects
A: permanent stasis, dig shafts and tunnels, antennae 3, four strong arms
a: Dig, Shaft Self, Renounce Religion, Stomp, Line Pass


You were on level 10 of the Dungeon.
You worshipped Uskayaw.
Uskayaw was noncommittal.
You visited 2 branches of the dungeon, and saw 11 of its levels.

You collected 429 gold pieces.
You spent 128 gold pieces at shops.

Inventory:

Hand Weapons
 a - a +0 long sword
 g - a +3 dagger
 p - the +7 dagger of Awkwardness {vorpal, +Blink Int+4}
   (You found it on level 4 of the Dungeon)

   It inflicts extra damage upon your enemies.
   Int:       It affects your intelligence (+4).
   +Blink:    It lets you blink.
 C - a +3 vorpal scimitar (weapon)
 E - the +9 whip "Ruhir" {flame, rF+ rC+++ Dex-3}
   (You found it on level 9 of the Dungeon)

   It burns those it strikes, dealing additional fire damage.
   Dex:       It affects your dexterity (-3).
   rF:        It protects you from fire.
   rC:        It renders you almost immune to cold.
Armour
 b - a +0 scale mail (worn)
 c - a +0 buckler
 l - a +0 kite shield (worn)
Jewellery
 j - a ring of willpower (left hand)
 v - a +6 ring of strength (right hand)
 D - a ring of willpower
Wands
 h - a wand of paralysis (6)
 y - a wand of polymorph (9)
 A - a wand of flame (8)
Scrolls
 d - 3 scrolls of blinking
 i - a scroll of noise
 k - a scroll of fear
 m - a scroll of torment
 r - 2 scrolls of enchant weapon {unknown}
 s - 2 scrolls of enchant armour {unknown}
 u - a scroll of brand weapon {unknown}
 B - a scroll of teleportation {unknown}
 F - a scroll of immolation {unknown}
 G - 2 scrolls of identify
 H - a scroll of silence {unknown}
Potions
 e - 2 potions of heal wounds
 f - 2 potions of brilliance
 n - 3 potions of flight
 o - 2 potions of magic
 q - a potion of might
 t - a potion of cancellation
 w - 3 potions of curing
 x - a potion of mutation {unknown}
 z - a potion of resistance
 I - a potion of ambrosia {unknown}


   Skills:
 - Level 6.0 Fighting
 - Level 14.0 Long Blades
 + Level 6.0 Armour
 + Level 6.5 Shields


You had 10 spell levels left.
You didn't know any spells.
Your spell library contained the following spells:

 Spells                   Type           Power      Damage    Failure   Level
 Beastly Appendage        Tmut           0%         N/A       86%         1
 Wereblood                Tmut           0%         N/A       94%         2
 Gell's Gravitas          Tloc           0%         N/A       99%         3
 Ignite Poison            Fire/Tmut/Pois 0%         N/A       99%         3
 Lesser Beckoning         Tloc           0%         N/A       99%         3
 Mephitic Cloud           Conj/Pois/Air  0%         N/A       99%         3
 Spider Form              Tmut/Pois      0%         N/A       99%         3
 Teleport Other           Tloc           0%         N/A       99%         3
 Summon Lightning Spire   Summ/Air       0%         N/A       100%        4
 Freezing Cloud           Conj/Ice/Air   0%         6-21      100%        5
 Storm Form               Tmut/Air       0%         N/A       100%        7
 Maxwell's Capacitive Co  Air            0%         ∞         100%        8


Dungeon Overview and Level Annotations

Branches:
Dungeon (10/15)            Temple (1/1) D:7
   Lair: D:8-11         Orc: D:9-12

Altars:
Ashenzari
Cheibriados
Dithmenos
Elyvilon
Fedhas
Gozag
Hepliaklqana
Kikubaaqudgha
Makhleb
Nemelex Xobeh
Qazlal
Ru
Sif Muna
Trog
Uskayaw
Vehumet
Wu Jian
Xom
Yredelemnul
Zin
The Shining One
Beogh

Shops:
D:5 ?(*:(   D:9 *

Annotations:
D:8 2 transporters


Innate Abilities, Weirdness & Mutations

You cannot be hasted, slowed, berserked, paralysed or teleported.
You can dig through walls and to a lower floor.
You have a pair of large antennae on your head. (SInv)
Your four strong arms can wield two-handed weapons with a shield.


Message History

The vampire mosquito closely misses you.
The orc wizard casts a spell.
The orc wizard flickers and vanishes for a moment.
The vampire mosquito bites you but does no damage.
Okay, then.
Okay, then.
Aiming: Polymorph
Press: ? - help, Q - select action, (/) - cycle Shift-Dir - straight line, f - vampire mosquito
Aim: a vampire mosquito (moderately damaged, not susceptible)
Okay, then.
Aiming: Paralyse
Press: ? - help, Q - select action, (/) - cycle Shift-Dir - straight line, f - vampire mosquito
Aim: a vampire mosquito (moderately damaged, chance to affect: 49%)
The vampire mosquito suddenly stops moving!
The helpless vampire mosquito fails to defend itself.
You cut the vampire mosquito into ribbons!!!
You destroy the vampire mosquito!
The centaur shoots an arrow.
The arrow completely misses you.
You hear a shout!
Uskayaw will force your foes to helplessly watch your dance.
Uskayaw prepares the audience for your solo!
You see here a vampire mosquito corpse.
The helpless centaur fails to defend itself.
You slash the centaur!
The centaur is severely wounded.
The helpless centaur fails to defend itself.
You slash the centaur!
You kill the centaur!
The orc wizard is no longer paralysed.
The orc warrior is no longer paralysed.
The orc warrior hits you from afar with a +0 trident!
* * * LOW HITPOINT WARNING * * *
Uskayaw will force your foes to share their pain.
Your Armour skill increases to level 6!
An orc opens the door.
An acid dragon comes into view.
An orc priest comes into view. It is wielding a +0 dagger.
The acid dragon roars!
The orc priest shouts!
The acid dragon spits acid at you. The splash of acid hits you!!
You die...

... #.....# .... #.....# ....
#.....# ...#####Do.#.#
+.....'##..# . #....o# #{.# .
#.....###....o###.o#
.#+####....#...#...#.†)#.#
................@...o#...#
#....................#...#
#..............#######..#########
#..........(...# ##..##..#....
#..............+ #...'...#....
#..............# #...#...#....
####'###.......# ##..##..#....
.......#.......# #####..##'##
##.....#.......# +.......#


You could see an orc warrior, an acid dragon (catching breath), an orc priest,
an orc wizard (invisible) and an orc.

Vanquished Creatures
  A centaur warrior (D:10)
  A two-headed ogre (D:10)
  Psyche (D:8)
  2 hornets
  6 yaks (D:8)
  2 vampire mosquitoes (D:10)
  3 orc warriors
  An ice beast (D:6)
  2 black bears
  A hornet zombie (D:9)
  A necrophage (D:6)
  2 sky beasts
  3 centaurs
  3 ogres
  A phantom (D:6)
  A gnoll sergeant (D:7)
  3 bullfrogs
  A water moccasin zombie (D:5)
  2 scorpions (D:5)
  A water moccasin skeleton (D:5)
  3 wights (D:6)
  A centaur zombie (D:7)
  5 hounds
  2 jellies (D:7)
  4 orc priests
  3 centaur skeletons
  3 iguanas
  7 orc wizards
  Natasha (thrice) (D:2)
  A hound zombie (D:5)
  A howler monkey zombie (D:7)
  7 gnolls
  4 howler monkey skeletons
  3 adders
  3 white imps
  An adder skeleton (D:4)
  A worm (D:2)
  4 dart slugs
  38 orcs
  8 ball pythons
  6 bats
  8 endoplasms
  2 giant cockroaches
  5 goblins
  8 hobgoblins
  A jackal (D:2)
  3 quokkas
  4 frilled lizards
  7 kobolds
  4 rats
188 creatures vanquished.

Notes
Turn   | Place    | Note
-------+----------+-------------------------------------------
     0 | D:1      | MiltankisOP the Formicid Fighter began the quest for the
                  | Orb.
     0 | D:1      | Reached XP level 1. HP: 18/18 MP: 1/1
    91 | D:1      | Reached XP level 2. HP: 24/24 MP: 2/2
   269 | D:1      | Reached skill level 3 in Long Blades
   554 | D:1      | Reached XP level 3. HP: 29/29 MP: 3/3
   690 | D:1      | Found a faded altar of an unknown god.
   690 | D:1      | Noticed a golden eye
   696 | D:1      | Noticed a great orb of eyes
   702 | D:1      | Noticed a great orb of eyes
   892 | D:1      | Noticed a shining eye
  1197 | D:2      | Noticed Natasha
  1207 | D:2      | Killed Natasha
  1208 | D:2      | Reached skill level 4 in Long Blades
  1208 | D:2      | Reached XP level 4. HP: 8/35 MP: 4/4
  1476 | D:2      | Noticed Natasha
  1482 | D:2      | Killed Natasha
  1632 | D:2      | Noticed Natasha
  1639 | D:2      | Killed Natasha
  1640 | D:2      | Reached skill level 5 in Long Blades
  1640 | D:2      | Reached XP level 5. HP: 32/41 MP: 5/5
  2521 | D:3      | Reached XP level 6. HP: 46/47 MP: 6/6
  2668 | D:3      | Noticed a black bear
  2676 | D:3      | Killed a black bear
  2677 | D:3      | Reached skill level 6 in Long Blades
  3544 | D:4      | Reached XP level 7. HP: 43/52 MP: 7/7
  3649 | D:4      | Reached skill level 7 in Long Blades
  3747 | D:4      | Identified the +7 dagger of Awkwardness {vorpal, +Blink
                  | Int+4}
  3756 | D:4      | Found a blossoming altar of Fedhas.
  4065 | D:4      | Found a basalt altar of Yredelemnul.
  4608 | D:5      | Entered Level 5 of the Dungeon
  4730 | D:5      | Found Qusuca's Antique Weapon Shoppe.
  5034 | D:5      | Found Atokkuru's Magic Scroll Emporium.
  5210 | D:5      | Found Isippil's Weapon Shop.
  5217 | D:5      | Reached skill level 8 in Long Blades
  5217 | D:5      | Reached XP level 8. HP: 58/61 MP: 8/8
  5387 | D:5      | Found Qiatuz's Book Shop.
  5411 | D:5      | Found Qouvisoph's General Store.
  5599 | D:5      | Reached skill level 5 in Fighting
  6172 | D:6      | Reached skill level 9 in Long Blades
  6654 | D:6      | Reached XP level 9. HP: 67/69 MP: 9/9
  6842 | D:6      | Reached skill level 10 in Long Blades
  7478 | D:6      | Reached skill level 11 in Long Blades
  7588 | D:6      | Found a hazy altar of Hepliaklqana.
  7669 | D:7      | Noticed a hornet
  7672 | D:7      | You fall into a shaft and drop 3 floors!
  7672 | D:10     | Entered Level 10 of the Dungeon
  7691 | D:10     | Noticed a hornet
  7696 | D:9      | Identified the +9 whip "Ruhir" {flame, rF+ rC+++ Dex-3}
  8178 | D:9      | Found Uruaru's Assorted Antiques.
  8181 | D:9      | Bought 2 scrolls of identify for 128 gold pieces
  8405 | D:8      | Found a transporter.
  8415 | D:8      | Found a transporter.
  8592 | D:8      | Reached skill level 12 in Long Blades
  8691 | D:8      | Noticed Psyche
  8703 | D:8      | Killed Psyche
  8704 | D:8      | Reached XP level 10. HP: 50/76 MP: 10/10
  9569 | D:7      | Found a staircase to the Ecumenical Temple.
  9578 | Temple   | Entered the Ecumenical Temple
 10110 | Temple   | Became a worshipper of Uskayaw the Reveller
 10138 | D:7      | Reached * piety under Uskayaw
 10139 | D:7      | Reached skill level 13 in Long Blades
 10168 | D:7      | Reached ** piety under Uskayaw
 10784 | D:8      | Reached *** piety under Uskayaw
 10788 | D:8      | Reached **** piety under Uskayaw
 10800 | D:8      | Reached ***** piety under Uskayaw
 10819 | D:8      | Reached ****** piety under Uskayaw
 10820 | D:8      | Reached skill level 14 in Long Blades
 11276 | D:9      | You fall into a shaft and drop 1 floor!
 11523 | D:10     | Noticed a centaur warrior
 11537 | D:10     | Killed a centaur warrior
 11538 | D:10     | Reached skill level 5 in Shields
 11802 | D:10     | Noticed a two-headed ogre
 11814 | D:10     | Killed a two-headed ogre
 11815 | D:10     | Reached skill level 5 in Armour
 11815 | D:10     | Reached XP level 11. HP: 18/81 MP: 11/11
 12175 | D:10     | Killed from afar by an acid dragon

Illustrated notes

Levels and vault maps discovered:
D:1:      scummos_arrival_checkerplants, layout_basic,
          hellmonk_ecumenical_altar_watching_god, minivault_24,
          minmay_tromino_v7
D:2:      minmay_general_purpose_star, layout_basic, uniq_natasha
D:3:      layout_loops_ring
D:4:      layout_cave_pods, mainiacjoe_overflow_catwalk_spiral
D:5:      kb_forest_paths, layout_basic, serial_shops, nicolae_lakefront_shop,
          nicolae_shop_bloodbath_and_beyond, nicolae_shop_hallway_stairs, shop,
          kennysheep_mini
D:6:      layout_loops_ring, nzn_hepliaklqana_mist_gate, minmay_misc_feat_rows,
          corexii_item_surrounded_by_moat, minmay_misc_feat_diagonals
D:7:      layout_cave_pools, minmay_temple_entry_drinking_statues, minmay_bent
D:8:      gammafunk_beogh_shrine, layout_basic, glass_columns_b,
          chequers_arboretum, uniq_psyche
D:9:      layout_big_octagon, amcnicky_altar_gilded, serial_shops,
          nicolae_shop_behind_doors
D:10:     layout_gridville, lair_entry_dummy, minmay_fractal_squares_diagonal_5
Temple:   hc_temple_tempest_star

Skill      XL: |  1  2  3  4  5  6  7  8  9 10 11 |
---------------+----------------------------------+-----
Long Blades    | 3 4 5 6 8 9 12 14 | 14.0
Fighting       | 4 6 |  6.0
Shields        | 6 |  6.5
Armour         | 5 6 |  6.0

Action                   |  1- 3 |  4- 6 |  7- 9 | 10-12 || total
-------------------------+-------+-------+-------+-------++-------
Melee: Long sword        |   110 |   150 |   229 |       ||   489
       Scimitar          |       |       |    57 |   128 ||   185
 Abil: Shaft Self        |       |       |     1 |       ||     1
Evoke: Wand              |       |       |    11 |     1 ||    12
  Use: Potion            |       |     1 |     2 |     2 ||     5
       Scroll            |       |       |    12 |     2 ||    14
 Stab: Paralysed         |       |       |       |     6 ||     6
Armor: Scale mail        |    45 |    58 |    98 |    25 ||   226
Dodge: Dodged            |    47 |    64 |   114 |    30 ||   255
Block: Buckler           |    22 |    29 |    64 |     3 ||   118
       Kite shield       |       |       |       |    36 ||    36
